AoeStats
← ZIV_83tw

Black Forest

510736779Analyzed
4v4 RM · 19h ago on Oct 2, 2026· 86m 56s· 8 players
Game mode
Random Map
Map size
Large (8 player)
Population
200
Speed
Normal
Resources
Standard
Victory
Conquest
Starting age
Dark Age
Ending age
Imperial Age
RankedLock teamsTeams togetherTeam positionsShared explorationLock speedFull tech treeHidden civsTurbo modeCheats
Victory
Defeat
🇬🇧 Celts · United Kingdom
802
+14
🇨🇳 Franks · China
782
+15
🇵🇪 Byzantines · Peru
773
+15
🇹🇼 Britons · Taiwan
768
+16
🇧🇷 Japanese · Brazil
853
-19
🇹🇼 Britons · Taiwan
768
-15
🇦🇺 Teutons · Australia
714
-13
🇦🇺 Huns · Australia
708
-13
Stian_sv
0:55 Loom
12:12 Feudal Age
13:37 Wheelbarrow
12:49 Double-Bit Axe
12:46 Horse Collar
15:33 Gold Mining
15:33 Stone Mining
15:56 Stone Mining
22:32 Castle Age
23:54 Hand Cart
23:52 Bow Saw
23:43 Heavy Plow
24:23 Gold Shaft Mining
24:33 Stone Shaft Mining
29:45 Imperial Age
27:32 Treadmill Crane
30:35 Fortified Wall
31:37 Two-Man Saw
31:09 Crop Rotation
31:10 Murder Holes
32:20 Caravan
32:50 Coinage
32:31 Guilds
33:09 Guilds
34:41 Elite Cataphract
36:30 Banking
36:43 Scale Mail Armor
36:51 Scale Barding Armor
36:56 Forging
37:32 Logistica
37:22 Greek Fire
38:04 Greek Fire
38:28 Chain Barding Armor
40:03 Iron Casting
40:01 Ballistics
39:22 Pikeman
40:02 Squires
39:48 Arson
40:23 Chain Mail Armor
40:44 Plate Barding Armor
40:13 Padded Archer Armor
40:03 Fletching
40:28 Halberdier
42:44 Plate Mail Armor
52:54 Chemistry
54:32 Elite Varangian Guard
56:21 Bodkin Arrow
56:41 Leather Archer Armor
76:15 Heavy Cavalry Archer
79:57 Bracer
80:27 Ring Archer Armor
Chris
11:41 Feudal Age
13:14 Loom
16:34 Castle Age
15:00 Double-Bit Axe
15:13 Horse Collar
19:53 Wheelbarrow
19:31 Bow Saw
20:20 Heavy Plow
23:26 Stone Mining
23:29 Gold Mining
28:30 Hand Cart
28:04 Town Watch
28:53 Caravan
29:53 Stone Shaft Mining
33:12 Imperial Age
31:28 Fletching
31:50 Forging
31:41 Scale Mail Armor
32:26 Ballistics
32:05 Bodkin Arrow
34:09 Gold Shaft Mining
33:45 Town Patrol
33:55 Gambesons
33:56 Arson
35:19 Chemistry
34:58 Iron Casting
34:39 Chain Mail Armor
34:07 Onager
34:40 Man-at-Arms
36:09 Siege Onager
36:25 Long Swordsman
38:48 Two-Handed Swordsman
40:34 Blast Furnace
40:06 Conscription
39:38 Champion
42:21 Plate Mail Armor
44:53 Husbandry
44:14 Cavalier
44:37 Pikeman
45:15 Murder Holes
45:07 Arrowslits
45:25 Padded Archer Armor
45:31 Scale Barding Armor
45:13 Halberdier
47:18 Furor Celtica
46:59 Stronghold
47:24 Elite Woad Raider
52:09 Fortified Wall
52:19 Leather Archer Armor
54:24 Paladin
55:19 Masonry
55:16 Siege Engineers
86:14 Spies/Treason
NDS
10:27 Feudal Age
12:41 Loom
18:08 Castle Age
20:25 Double-Bit Axe
20:25 Horse Collar
26:10 Heavy Plow
29:05 Wheelbarrow
28:15 Town Watch
34:29 Imperial Age
33:05 Hand Cart
32:59 Town Patrol
33:45 Murder Holes
34:11 Ballistics
34:02 Masonry
33:34 Treadmill Crane
34:59 Gold Mining
35:28 Bow Saw
38:04 Chemistry
36:50 Arrowslits
37:36 Architecture
37:12 Siege Engineers
37:01 Fletching
37:11 Padded Archer Armor
37:23 Forging
37:05 Stone Mining
37:54 Gold Shaft Mining
37:49 Caravan
39:56 Conscription
40:15 Hoardings
39:41 Warwolf
39:42 Bodkin Arrow
40:03 Leather Archer Armor
40:24 Iron Casting
39:49 Scale Mail Armor
40:25 Bracer
42:10 Yeomen
42:51 Ring Archer Armor
43:26 Two-Man Saw
43:32 Elite Longbowman
47:02 Squires
46:23 Pikeman
48:00 Halberdier
48:27 Arson
50:53 Gambesons
50:29 Man-at-Arms
51:32 Long Swordsman
52:52 Two-Handed Swordsman
55:53 Onager
56:35 Champion
62:32 Elite Skirmisher
67:31 Chain Mail Armor
68:17 Blast Furnace
79:55 Capped Ram
83:20 Spies/Treason
kong
14:28 Feudal Age
15:47 Double-Bit Axe
22:54 Castle Age
21:38 Gold Mining
21:40 Stone Mining
21:47 Stone Mining
25:01 Gold Shaft Mining
32:26 Husbandry
33:28 Caravan
36:22 Imperial Age
36:08 Forging
36:17 Town Watch
37:35 Wheelbarrow
36:48 Loom
38:03 Iron Casting
37:44 Scale Barding Armor
37:30 Fletching
37:53 Town Watch
40:46 Conscription
41:45 Elite Throwing Axeman
41:52 Elite Throwing Axeman
42:37 Chivalry
42:36 Cavalier
48:08 Scale Mail Armor
48:31 Chain Barding Armor
48:12 Padded Archer Armor
55:14 Blast Furnace
58:54 Hand Cart
58:40 Town Patrol
58:25 Loom
59:45 Plate Barding Armor
60:21 Bow Saw
61:17 Chemistry
59:59 Treadmill Crane
60:30 Masonry
60:16 Murder Holes
64:40 Bodkin Arrow
65:00 Leather Archer Armor
64:43 Bodkin Arrow
65:29 Paladin
85:08 Spies/Treason
Radolf
0:44 Loom
13:59 Feudal Age
15:15 Wheelbarrow
14:27 Town Watch
14:38 Double-Bit Axe
15:31 Horse Collar
20:21 Castle Age
22:50 Heavy Plow
24:12 Bow Saw
26:21 Gold Mining
27:57 Stone Mining
29:05 Hand Cart
31:46 Imperial Age
29:55 Fortified Wall
30:51 Scale Barding Armor
30:57 Forging
30:49 Fletching
32:06 Stone Shaft Mining
32:24 Bloodlines
34:07 Conscription
33:42 Cavalier
35:12 Crop Rotation
36:14 Chemistry
37:45 Bodkin Arrow
38:41 Chain Barding Armor
38:57 Iron Casting
40:01 Iron Casting
40:09 Ballistics
39:36 Arrowslits
41:08 Crenellations
41:53 Plate Barding Armor
41:55 Town Patrol
42:40 Paladin
47:52 Scale Mail Armor
50:07 Chain Mail Armor
50:33 Ironclad
50:05 Elite Teutonic Knight
57:32 Blast Furnace
59:13 Plate Mail Armor
61:23 Elite Skirmisher
64:00 Padded Archer Armor
vBubbaChang
0:34 Loom
12:43 Feudal Age
13:31 Double-Bit Axe
14:20 Man-at-Arms
22:05 Castle Age
21:28 Stone Mining
22:14 Pikeman
23:01 Scale Mail Armor
25:45 Wheelbarrow
26:41 Horse Collar
28:16 Bow Saw
31:10 Gold Mining
33:42 Squires
33:28 Arson
34:24 Murder Holes
38:33 Imperial Age
36:23 Marauders
37:19 Scale Barding Armor
37:25 Forging
38:24 Chain Barding Armor
38:55 Elite Tarkan
39:58 Conscription
40:19 Gold Shaft Mining
41:02 Bloodlines
40:53 Husbandry
41:32 Iron Casting
41:34 Plate Barding Armor
43:17 Blast Furnace
42:46 Halberdier
45:43 Chain Mail Armor
55:16 Elite Skirmisher
62:31 Light Cavalry
63:00 Hussar
| LEON | SAPULHA
0:27 Loom
17:19 Feudal Age
22:52 Castle Age
22:10 Gold Mining
25:23 Gold Shaft Mining
24:38 Stone Mining
25:44 Horse Collar
26:49 Double-Bit Axe
30:11 Heavy Plow
31:35 Bow Saw
34:12 Fortified Wall
35:39 Pikeman
36:21 Squires
38:01 Wheelbarrow
41:29 Imperial Age
39:34 Scale Mail Armor
39:45 Forging
40:19 Hand Cart
40:05 Town Watch
41:34 Chain Mail Armor
41:55 Iron Casting
41:32 Halberdier
42:35 Kataparuto
41:54 Elite Samurai
43:27 Plate Mail Armor
45:44 Blast Furnace
53:19 Two-Man Saw
52:23 Town Patrol
57:47 Conscription
60:11 Chemistry
59:17 Siege Engineers
ZIV_83tw
10:13 Feudal Age
12:16 Loom
15:12 Castle Age
13:07 Double-Bit Axe
16:43 Bow Saw
16:33 Horse Collar
22:47 Heavy Plow
24:21 Gold Mining
24:23 Stone Mining
26:23 Wheelbarrow
25:42 Fletching
25:53 Padded Archer Armor
26:14 Ballistics
27:03 Gold Shaft Mining
30:04 Imperial Age
28:40 Hand Cart
29:24 Bodkin Arrow
29:45 Leather Archer Armor
29:42 Forging
31:00 Forging
30:50 Scale Mail Armor
30:48 Murder Holes
31:05 Masonry
31:57 Chemistry
31:41 Conscription
31:49 Yeomen
31:54 Elite Longbowman
34:02 Two-Man Saw
33:40 Coinage
33:13 Caravan
33:24 Guilds
34:03 Siege Engineers
35:12 Bracer
34:47 Pikeman
35:28 Squires
36:04 Iron Casting
35:44 Chain Mail Armor
36:13 Banking
36:21 Banking
37:54 Chain Mail Armor
38:40 Blast Furnace
37:08 Halberdier
38:36 Warwolf
39:24 Arson
40:14 Treadmill Crane
41:08 Architecture
45:29 Plate Mail Armor
47:38 Ring Archer Armor
Connection lost

Rejoining the realm…

Still unreachable

The connection could not be restored.

Session expired

The server has moved on; the page needs a fresh start.